 Dungeon Crawl Stone Soup version 0.28-a0-1206-g193881aaa2 (webtiles) character file.

Game seed: 8648775309554985785

118950 Gwenloh the Fighter (level 17, -6/139 HPs)
             Began as a Human Fighter on Dec 19, 2021.
             Was the Champion of the Shining One.
             Killed from afar by a will-o-the-wisp (9 damage)
             ... with a foxfire
             ... while paralysed by a fenstrider witch
             ... on level 2 of the Swamp on Dec 20, 2021.
             The game lasted 02:06:23 (40352 turns).

Gwenloh the Fighter (Human Fighter)                Turns: 40352, Time: 02:06:24

Health: -6/139     AC: 41    Str: 18    XL:     17   Next: 33%
Magic:  23/26      EV:  2    Int: 14    God:    the Shining One [******]
Gold:   1436       SH:  0    Dex: 20    Spells: 16/16 levels left

rFire   + . .      SeeInvis .   a - +3 scimitar (flame)
rCold   + . .      Faith    +   e - +2 buckler {reflect}
rNeg    + + +      Spirit   .   s - +27 Lear's hauberk
rPois   +          Reflect  +   (helmet currently unavailable)
rElec   +          Harm     .   G - +0 cloak
rCorr   +          Rampage  .   (gloves currently unavailable)
Will    +....                   (boots currently unavailable)
Stlth   ..........              Q - amulet of faith
HPRegen 0.33/turn               T - ring of flight
MPRegen 0.20/turn               C - ring of the Lion {rPois Int+6}

@: paralysed, lethally poisoned (-6 -> -10), resistant, flying, glowing,
studying Dodging
A: no striking features
a: Renounce Religion, Divine Shield, Cleansing Flame, Summon Divine Warrior,
Brand Weapon With Holy Wrath


You were on level 2 of the Swamp.
You worshipped the Shining One.
The Shining One was exalted by your worship.
You visited 5 branches of the dungeon, and saw 26 of its levels.
You also visited: Bailey.

You collected 3082 gold pieces.
You spent 1646 gold pieces at shops.

Inventory:

Hand Weapons
 a - a +3 scimitar of flaming (weapon)
 b - a +0 hand crossbow
 P - the +9 lance "Wyrmbane" {slay drac, rPois rF+ rC+ AC+3}
   (You took it off Maggie on level 10 of the Dungeon)

   It inflicts extra damage against dragons and draconians.
   AC:        It affects your AC (+3).
   rF:        It protects you from fire.
   rC:        It protects you from cold.
   rPois:     It protects you from poison.
Missiles
 j - a silver boomerang
 q - 7 throwing nets
 w - 122 poisoned darts
 x - 5 curare-tipped darts
 E - 304 bolts
 H - 22 boomerangs (quivered)
 L - 6 boomerangs of dispersal
 R - 4 javelins
Armour
 e - a +2 buckler of reflection (worn)
 s - the +27 Lear's hauberk (worn)
   (You found it on level 7 of the Dungeon)
 G - a +0 cloak (worn)
Jewellery
 k - an amulet of the acrobat
 n - a +4 ring of protection
 o - a ring of magical power
 v - a ring of protection from cold
 C - the ring of the Lion (right hand) {rPois Int+6}
   (You found it on level 8 of the Dungeon)

   [ring of intelligence]

   Int:       It affects your intelligence (+6).
   rPois:     It protects you from poison.
 K - a ring of protection from fire
 N - a ring of willpower
 Q - an amulet of faith (around neck)
 T - a ring of flight (left hand)
 V - a ring of resist corrosion
Wands
 c - a wand of mindburst (4)
 d - a wand of acid (12)
 h - a wand of charming (6)
 l - a wand of paralysis (6)
 u - a wand of polymorph (10)
 D - a wand of iceblast (11)
 M - a wand of flame (31)
Scrolls
 g - 5 scrolls of immolation
 i - 7 scrolls of teleportation
 t - 2 scrolls of enchant armour
 y - 8 scrolls of identify
 z - 3 scrolls of fear
 F - 2 scrolls of holy word
 I - a scroll of summoning
 S - a scroll of fog
 W - a scroll of magic mapping
 Z - a scroll of blinking
Potions
 f - 10 potions of curing
 m - 3 potions of attraction
 p - 2 potions of cancellation
 A - 5 potions of haste
 B - 5 potions of flight
 J - 3 potions of might
 O - 2 potions of mutation
 U - a potion of resistance
 X - 2 potions of brilliance
Miscellaneous
 r - a box of beasts


   Skills:
 + Level 14.2 Fighting
 - Level 14.0 Long Blades
 - Level 10.8 Crossbows
 + Level 14.2 Armour
 + Level 11.0 Dodging
 - Level 4.0 Shields
 + Level 12.5 Invocations


You had 16 spell levels left.
You didn't know any spells.
Your spell library contained the following spells:

 Spells                   Type           Power      Damage    Failure   Level
 Animate Skeleton         Necr           0%         N/A       88%         1
 Beastly Appendage        Tmut           0%         N/A       88%         1
 Magic Dart               Conj           0%         1d3       88%         1
 Pain                     Necr           0%         1d4       88%         1
 Slow                     Hex            0%         N/A       88%         1
 Ensorcelled Hibernation  Hex/Ice        0%         N/A       96%         2
 Passwall                 Tmut/Erth      0%         N/A       96%         2
 Searing Ray              Conj           0%         2d4       96%         2
 Wereblood                Tmut           0%         N/A       96%         2
 Confusing Touch          Hex            0%         N/A       99%         3
 Conjure Flame            Conj/Fire      0%         6-21      99%         3
 Portal Projectile        Hex/Tloc       0%         N/A       99%         3
 Stone Arrow              Conj/Erth      0%         3d7       99%         3
 Tukima's Dance           Hex            0%         N/A       99%         3
 Vampiric Draining        Necr           0%         2d6       99%         3
 Fulminant Prism          Conj/Hex       0%         3d6       100%        4
 Blade Hands              Tmut           0%         N/A       100%        5
 Excruciating Wounds      Necr           0%         N/A       100%        5
 Yara's Violent Unravell  Hex/Tmut       0%         3d3       100%        5


Dungeon Overview and Level Annotations

Branches:
Dungeon (15/15)            Temple (1/1) D:4            Lair (6/6) D:11
  Swamp (2/4) Lair:2        Snake (0/4) Lair:4        Slime (0/5) Lair:6
    Orc (2/2) D:12            Elf (0/3) Orc:2        Vaults (0/5) D:14
 Depths (0/4) D:15         Bailey (visited)

Altars:
Ashenzari
Cheibriados
Dithmenos
Elyvilon
Fedhas
Gozag
Hepliaklqana
Kikubaaqudgha
Makhleb
Nemelex Xobeh
Okawaru
Qazlal
Ru
Sif Muna
Trog
Uskayaw
Vehumet
Wu Jian
Xom
Yredelemnul
The Shining One
Beogh
Jiyva

Shops:
D:8 ?   D:9 *   D:10 (   D:12 [(   Orc:1 :   Orc:2 ?([(

Portals:
Abyss: Lair:6

Annotations:
D:14 3 runed translucent doors, Muixitaz's ghost, adept VSBr; kMk's ghost, adept TeSu
Lair:6 2 transporters, jt's ghost, journeyman HOFi


Message History

* * * LOW HITPOINT WARNING * * *
2 foxfires come into view.
A fenstrider witch comes into view.
The fenstrider witch shouts!
The foxfire hits you.
* * * LOW HITPOINT WARNING * * *
The will-o-the-wisp gestures.
The will-o-the-wisp conjures some foxfire! 2 foxfires come into view.
Things that are here:
a +0 short sword; a +0 robe
Okay, then.
You feel protected.
The foxfire hits you but does no damage.
The foxfire hits you. You resist.
* * * LOW HITPOINT WARNING * * *
The foxfire hits you. You resist.
* * * LOW HITPOINT WARNING * * *
The bog body touches you but does no damage.
You block the swamp worm's attack.
A tyrant leech comes into view.
The swamp worm bites you but does no damage.
The fenstrider witch casts a spell at you.
You suddenly lose the ability to move!
The bunyip howls a warning cry!
The bunyip no longer looks unusually strong.
The bog body touches you but does no damage.
The swamp worm bites you but does no damage.
The fenstrider witch gestures at you while chanting.
The toxic sludge hits you!
You are poisoned.
You partially resist.
* * * LOW HITPOINT WARNING * * *
The will-o-the-wisp gestures.
The will-o-the-wisp conjures some foxfire! 2 foxfires come into view.
You feel sick. The foxfire hits you! You resist.
* * * LOW HITPOINT WARNING * * *
The foxfire hits you! You resist.
You die...

≈≈≈≈.≈..♣♣§.≈...)
....≈≈..♣♣>.....
≈≈≈≈≈≈≈≈♣♣≈≈..#
≈≈≈♣♣w≈≈♣♣≈...#
♣≈≈≈≈..♣♣≈≈..#
♣≈..♣..H§.≈..# ##
♣♣.≈≈.≈v.§.).#..#..
♣.♣≈≈≈§vxw).....$.
♣ ♣.≈≈<§@n).#.....
♣.≈≈≈♣.≈..# ###
♣.♣≈≈♣♣≈^.....
♣..♣.≈♣♣≈≈≈...).
♣..♣♣♣♣♣♣....≈≈≈ ♣
♣..≈.≈.. ♣≈♣♣♣≈..
.♣ ...


You could see a bunyip, a fenstrider witch, a tyrant leech, a will-o-the-wisp, a
bog body and a swamp worm.

Vanquished Creatures
  Saint Roka (Orc:1)
  4 eleionomae
  A dire elephant (Lair:6)
  A bunyip (Swamp:2)
  Fannar (Lair:2)
  A vault guard (D:14)
  Erolcha (D:11)
  4 boulder beetles
  11 hydras
  11 centaur warriors
  Erica (Lair:2)
  An alligator (Swamp:2)
  7 death yaks
  A deep troll shaman (Lair:6)
  4 two-headed ogres
  2 death knights (D:12)
  Urug (D:11)
  Sonja (Lair:2)
  A spriggan druid (Swamp:2)
  A flayed ghost (D:12)
  A swamp dragon (Swamp:1)
  3 bog bodies (Swamp:1)
  A wizard (D:14)
  An orc knight (Orc:1)
  3 deep elf pyromancers
  5 cyclopes
  A necromancer (D:15)
  A deep elf zephyrmancer (D:15)
  4 ugly things
  A manticore (D:15)
  5 orc sorcerers
  4 oklob plants
  25 elephants
  5 black mambas
  Maurice (D:11)
  A naga mage (D:15)
  2 gargoyles
  A centaur skeleton (D:15)
  Maggie (D:10)
  7 komodo dragons
  14 cane toads
  7 yaktaurs
  5 kobold demonologists
  3 rime drakes
  2 tyrant leeches
  A polar bear (Lair:5)
  A meliai (shapeshifter) (D:15)
  11 trolls
  A queen bee (Lair:1)
  14 slime creatures
  Grinder (D:3)
  2 hornets
  4 blink frogs (Lair:4)
  20 dream sheep
  3 centaur simulacra (D:15)
  A shadow (D:13)
  4 vampires
  74 yaks
  3 spriggans (Swamp:2)
  Eustachio (D:6)
  3 wraiths
  6 wyverns
  3 steam dragons
  7 vampire mosquitoes
  16 basilisks
  6 swamp worms
  4 wargs
  Edmund (D:6)
  4 acid dragons
  5 nagas (Lair:4)
  17 water moccasins
  A floating eye (Lair:1)
  2 hornet zombies
  43 orc warriors
  Pargi (D:3)
  A swamp drake (Swamp:1)
  2 ice beasts
  3 black bears
  A necrophage (D:4)
  5 ogres
  2 sky beasts
  13 wolves
  28 centaurs
  7 kobold brigands
  A bullfrog (shapeshifter) (D:13)
  16 bullfrogs
  8 gnoll sergeants
  A scorpion (D:5)
  A water moccasin zombie (D:5)
  38 killer bees
  A wight (D:7)
  5 howler monkeys
  2 centaur zombies
  A bullfrog zombie (D:5)
  2 jellies
  Crazy Yiuf (D:6)
  30 orc priests
  4 gnoll shamans (Bailey)
  6 hounds
  2 bullfrog skeletons (D:5)
  6 iguanas
  Natasha (thrice) (D:3)
  31 orc wizards
  2 killer bee zombies
  2 hound skeletons
  A howler monkey zombie (D:11)
  6 adders
  29 gnolls
  A shadow imp (D:7)
  A white imp (D:5)
  A worm (shapeshifter) (D:14)
  A worm (D:2)
  2 dart slugs (D:3)
  116 orcs
  6 endoplasms
  2 giant cockroaches (D:3)
  9 goblins
  A hobgoblin (D:3)
  4 jackals (D:4)
  28 kobolds
  A quokka (D:2)
  5 ball pythons
  9 bats
  3 frilled lizards
  2 rats (D:1)
873 creatures vanquished.

Vanquished Creatures (collateral kills)
  A catoblepas (Lair:6)
  2 death yaks (Lair:6)
  An ugly thing (D:12)
4 creatures vanquished.

Vanquished Creatures (others)
  An orc warrior (Orc:2)
  A bush (Lair:6)
  5 foxfires (Swamp:2)
  30 fungi
  61 plants
98 creatures vanquished.

Grand Total: 975 creatures vanquished

Notes
Turn   | Place    | Note
-------+----------+-------------------------------------------
     0 | D:1      | Gwenloh the Human Fighter began the quest for the Orb.
     0 | D:1      | Reached XP level 1. HP: 18/18 MP: 1/1
   119 | D:1      | Reached XP level 2. HP: 23/24 MP: 2/2
   625 | D:1      | Found a faded altar of an unknown god.
   964 | D:2      | Reached XP level 3. HP: 13/29 MP: 3/3
  2025 | D:3      | Reached XP level 4. HP: 33/35 MP: 4/4
  2086 | D:3      | Noticed Natasha
  2097 | D:3      | Killed Natasha
  2157 | D:3      | Noticed Natasha
  2215 | D:3      | Killed Natasha
  2216 | D:3      | Reached XP level 5. HP: 25/41 MP: 5/5
  2492 | D:3      | Noticed an ice beast
  2593 | D:3      | Noticed Pargi
  2828 | D:3      | Killed an ice beast
  2829 | D:3      | Reached XP level 6. HP: 18/48 MP: 6/6
  3440 | D:3      | Noticed Natasha
  3456 | D:3      | Killed Pargi
  3457 | D:3      | Reached XP level 7. HP: 54/54 MP: 7/7
  3459 | D:3      | Killed Natasha
  3600 | D:3      | Noticed Grinder
  3627 | D:3      | Paralysed by Grinder for 4 turns
  3633 | D:3      | Paralysed by Grinder for 4 turns
  3721 | D:3      | Paralysed by Grinder for 7 turns
  3737 | D:3      | Killed Grinder
  3738 | D:3      | Reached skill level 5 in Long Blades
  4305 | D:4      | Found a staircase to the Ecumenical Temple.
  4470 | Temple   | Entered the Ecumenical Temple
  4865 | Temple   | Became a worshipper of the Shining One
  4971 | D:4      | Reached XP level 8. HP: 29/61 MP: 8/8
  5248 | D:4      | Reached skill level 1 in Dodging
  5587 | D:4      | Reached skill level 5 in Fighting
  5587 | D:4      | Reached skill level 5 in Armour
  5814 | D:5      | Entered Level 5 of the Dungeon
  7054 | D:5      | Reached XP level 9. HP: 68/68 MP: 9/9
  7240 | D:5      | Reached * piety under the Shining One
  7376 | D:6      | Noticed Edmund
  7598 | D:6      | Killed Edmund
  7943 | D:6      | Noticed Eustachio
  8007 | D:6      | Killed Eustachio
  9171 | D:6      | Found a runed translucent door.
  9172 | D:6      | Noticed Crazy Yiuf
  9179 | D:6      | Killed Crazy Yiuf
  9372 | D:7      | Found a flagged portal.
  9395 | Bailey   | Entered a bailey
  9905 | Bailey   | Reached XP level 10. HP: 72/77 MP: 10/10
 10060 | Bailey   | Identified the +1 ring mail of Laproocw {rPois Will- Int+2
                  | Dex+6}
 10338 | Bailey   | Reached ** piety under the Shining One
 11142 | D:7      | Found the +27 Lear's hauberk
 11152 | D:7      | Reached skill level 5 in Dodging
 11730 | D:7      | Found a basalt altar of Yredelemnul.
 12083 | D:7      | Found an opulent altar of Gozag.
 12616 | D:8      | Reached skill level 10 in Long Blades
 12736 | D:8      | Found Tikyel's Magic Scroll Shoppe.
 12744 | D:8      | Bought a scroll of identify for 26 gold pieces
 12744 | D:8      | Bought a scroll of identify for 26 gold pieces
 12744 | D:8      | Bought a scroll of enchant weapon for 97 gold pieces
 12744 | D:8      | Bought 3 scrolls of identify for 78 gold pieces
 12744 | D:8      | Bought 2 scrolls of enchant armour for 195 gold pieces
 12887 | D:8      | Reached XP level 11. HP: 76/85 MP: 11/11
 13092 | D:8      | Found a shimmering blue altar of Sif Muna.
 13387 | D:8      | Identified the ring of the Lion {rPois Int+6}
 14199 | D:9      | Found Dish's Overcharged Wands.
 14737 | D:10     | Entered Level 10 of the Dungeon
 15122 | D:10     | Found Aroskyv's Antique Weapon Emporium.
 15309 | D:10     | Noticed a two-headed ogre
 15330 | D:10     | Killed a two-headed ogre
 15522 | D:10     | Noticed a two-headed ogre
 15535 | D:10     | Killed a two-headed ogre
 15536 | D:10     | Reached skill level 1 in Invocations
 15536 | D:10     | Reached XP level 12. HP: 69/94 MP: 12/12
 15644 | D:10     | Noticed Maggie
 15667 | D:10     | Killed Maggie
 16648 | D:11     | Found a shadowy altar of Dithmenos.
 16685 | D:11     | Noticed Erolcha
 16685 | D:11     | Reached *** piety under the Shining One
 16685 | D:11     | Noticed a six-headed hydra
 16760 | D:11     | Noticed Urug
 16899 | D:11     | Killed Urug
 17036 | D:11     | Killed Erolcha
 17617 | D:11     | Found a staircase to the Lair.
 17618 | D:11     | Noticed Maurice
 17632 | D:11     | Killed Maurice
 17653 | D:11     | Noticed a centaur warrior
 17668 | D:11     | Killed a centaur warrior
 17945 | Lair:1   | Entered Level 1 of the Lair of Beasts
 18302 | Lair:1   | Noticed a four-headed hydra
 18313 | Lair:1   | Killed a four-headed hydra
 18484 | Lair:1   | Reached XP level 13. HP: 80/103 MP: 16/16
 18521 | Lair:1   | Reached skill level 10 in Armour
 18531 | Lair:1   | Reached skill level 10 in Fighting
 18531 | Lair:1   | Reached skill level 5 in Invocations
 18897 | Lair:1   | Noticed a four-headed hydra
 18908 | Lair:1   | Killed a four-headed hydra
 19153 | Lair:1   | Paralysed by a floating eye for 3 turns
 20168 | Lair:2   | Noticed Erica
 20181 | Lair:2   | Killed Erica
 20314 | Lair:2   | Reached skill level 1 in Crossbows
 20317 | Lair:2   | Noticed a four-headed hydra
 20328 | Lair:2   | Killed a one-headed hydra
 20385 | Lair:2   | Found an iron altar of Okawaru.
 20511 | Lair:2   | Noticed Fannar
 20524 | Lair:2   | Killed Fannar
 20730 | Lair:2   | Noticed a six-headed hydra
 20742 | Lair:2   | Killed a one-headed hydra
 20761 | Lair:2   | Reached **** piety under the Shining One
 20842 | Lair:2   | Found a staircase to the Swamp.
 21090 | Lair:2   | Noticed Sonja
 21101 | Lair:2   | Killed Sonja
 21676 | Lair:3   | Reached XP level 14. HP: 101/113 MP: 19/19
 22602 | Lair:3   | Reached skill level 5 in Crossbows
 24397 | Lair:4   | Found a staircase to the Snake Pit.
 25712 | Lair:5   | Reached ***** piety under the Shining One
 25959 | Lair:5   | Identified a scroll of acquirement
 25960 | Lair:5   | Acquired a +0 pair of gloves of infusion
 26206 | Lair:5   | Found a stormy altar of Qazlal.
 26400 | Lair:6   | Entered Level 6 of the Lair of Beasts
 26593 | Lair:5   | Reached XP level 15. HP: 50/120 MP: 18/21
 27149 | Lair:6   | Found a one-way gate to the infinite horrors of the Abyss.
 27225 | Lair:6   | Found a transporter.
 27225 | Lair:6   | Noticed jt's ghost (journeyman HOFi)
 28329 | Lair:6   | Found a viscous altar of Jiyva.
 28329 | Lair:6   | Found a staircase to the Slime Pits.
 28545 | Lair:6   | Reached skill level 10 in Invocations
 28636 | Lair:6   | Found a transporter.
 28801 | Lair:6   | Reached skill level 10 in Crossbows
 29243 | Lair:6   | Got Zacaul Mihi's Papyrus of Ghastly Conjuration
 30350 | D:12     | Found Ymmyrhaw's Armour Shop.
 30550 | D:12     | Found a staircase to the Orcish Mines.
 30552 | D:12     | Found Fixosues's Weapon Shop.
 30735 | D:12     | Reached XP level 16. HP: 120/129 MP: 23/23
 31341 | Orc:1    | Entered Level 1 of the Orcish Mines
 32057 | Orc:2    | Entered Level 2 of the Orcish Mines
 32525 | Orc:2    | Found a staircase to the Elven Halls.
 33179 | Orc:2    | Found Doxonit's Magic Scroll Shoppe.
 33217 | Orc:2    | Bought a scroll of fog for 24 gold pieces
 33483 | Orc:2    | Found Gad Nuel's Antique Weapon Boutique.
 33631 | Orc:2    | Paralysed by an orc sorcerer for 7 turns
 33659 | Orc:2    | Noticed Saint Roka
 33943 | Orc:2    | Paralysed by an orc sorcerer for 2 turns
 34108 | Orc:1    | Killed Saint Roka
 34481 | Orc:2    | Found Hokiu's Antique Weapon Boutique.
 34484 | Orc:2    | Found Gicosmog's Antique Armour Shop.
 34864 | Orc:1    | Found Aplom's Book Shoppe.
 34901 | Orc:1    | Bought a manual of Dodging for 1200 gold pieces
 36977 | D:14     | Found a gate to the Vaults.
 37067 | D:14     | Found a runed translucent gate.
 37067 | D:14     | Found a runed translucent gate.
 37069 | D:14     | Found an ancient bone altar of Kikubaaqudgha.
 37069 | D:14     | Noticed a lich
 37069 | D:14     | Noticed a lich
 37070 | D:14     | Found a runed translucent gate.
 37070 | D:14     | Noticed kMk's ghost (adept TeSu)
 37070 | D:14     | Noticed a lich
 37070 | D:14     | Noticed Muixitaz's ghost (adept VSBr)
 37628 | D:15     | Entered Level 15 of the Dungeon
 37639 | D:15     | Found a hide-covered altar of Uskayaw.
 38053 | D:15     | Reached skill level 10 in Dodging
 38130 | D:15     | Reached XP level 17. HP: 138/138 MP: 26/26
 38231 | D:15     | Got the Volume of Unstable Combat Magic
 38392 | D:15     | Reached ****** piety under the Shining One
 38601 | D:15     | Identified the amulet of Hitt {RegenMP Str+3}
 38955 | D:15     | Found a staircase to the Depths.
 39134 | D:15     | Upgraded the game from 0.28-a0-1199-gef9e1dbd39 to
                  | 0.28-a0-1206-g193881aaa2
 39292 | Swamp:1  | Entered Level 1 of the Swamp
 40350 | Swamp:2  | Paralysed by a fenstrider witch for 6 turns
 40352 | Swamp:2  | HP: 3/139 [will-o-the-wisp/foxfire (10)]
 40352 | Swamp:2  | Killed from afar by a will-o-the-wisp

Illustrated notes

Levels and vault maps discovered:
D:1:      dpeg_arrival_subterranean_lakeside_camping, layout_basic,
          hellmonk_ecumenical_altar_pennies_from_heaven
D:2:      layout_basic
D:3:      cheibrodos_old_hovel, layout_rooms, serial_aquarium,
          aquarium_bridge_straight [aquarium_subvault_bridge,
          aquarium_subvault_window, aquarium_subvault_bridge,
          aquarium_subvault_window], aquarium_bridge_straight
          [aquarium_subvault_bridge, aquarium_subvault_balcony,
          aquarium_subvault_bridge, aquarium_subvault_balcony],
          aquarium_window_corner, aquarium_window_2, aquarium_window_corridor_3,
          aquarium_view_2d, serial_bayou_crossing, uniq_pargi, uniq_natasha,
          uniq_grinder
D:4:      layout_loops_ring, minmay_temple_entry_junction
D:5:      layout_loops_ring, nicolae_figureground_sparkle
D:6:      layout_basic, uniq_eustachio, uniq_crazy_yiuf_cottage, uniq_edmund
D:7:      layout_basic, enter_bailey_3, hangedman_feature_mirror,
          hellmonk_guarded_unrand_lears
D:8:      layout_cave_pools, nicolae_overflow_hidden_temple, serial_shops,
          nicolae_diamond_shop, nzn_random_ring
D:9:      layout_basic, corexii_checkpoint_b, nicolae_shop_overcharged_wands
D:10:     layout_stronghold, serial_shops, shop, dk_noncrumbling_2, uniq_maggie
D:11:     layout_rooms, lair_entry_dummy, special_room [special_room_orc],
          kennysheep_cluttered_room, nicolae_dithmenos_shadow_blocks,
          uniq_maurice, uniq_urug, uniq_erolcha
D:12:     nzn_winding_woodlands_three_and_one
          [nzn_winding_woodlands_5x15_split_checker,
          nzn_winding_woodlands_5x15_twine, nzn_winding_woodlands_5x15_pool,
          nzn_winding_woodlands_center_diamonds], layout_cave_pools, orc_david_3
D:13:     layout_grid_maze
D:14:     layout_irregular_city, david_vaults_5, gammafunk_ghost_crypt,
          minmay_splitting_lines, kennysheep_small_spiral,
          grunt_decor_mini_mirrors, statue_in_the_mist_lemuel
D:15:     grunt_enter_depths_magical_seal, layout_basic,
          nicolae_uskayaw_murder_on_the_dancefloor
Temple:   mainiacjoe_temple_big_plus
Lair:1:   layout_long_grid, special_room [special_room_bee], disabler_island
Lair:2:   layout_regular_city, palyth_hydra_swamp_entry, basic_altar,
          uniq_erica, uniq_sonja, uniq_fannar
Lair:3:   layout_layer_cave, infiniplex_staircase_pool_2, grunt_megastairs_2
Lair:4:   layout_cave_pods, minmay_snake_entry_guardpost_medium,
          chequers_serial_rivers_room_b
Lair:5:   layout_hall_layers, lemuel_centaur_altar, grunt_megastairs_1,
          serial_bayou_shore_b, lemuel_fruit_tree
Lair:6:   grunt_lair_end_beastmaster, layout_long_grid, slime_altar_1,
          gammafunk_ghost_abyssal_escape, kennysheep_basilisk_garden
Swamp:1:  nicolae_swamp_long_stream, layout_falls_marsh,
          evilmike_swamp_ruin_house_3
Swamp:2:  layout_falls_marsh, evilmike_swamp_ruin_house_1
Orc:1:    layout_diamond_mine, serial_shops, shop
Orc:2:    grunt_orc_community_town_hall, layout_caves,
          grunt_orc_community_big_house_1, grunt_orc_community_big_house_2,
          grunt_orc_community_house_2, grunt_orc_community_house_2,
          grunt_orc_community_house_2, grunt_orc_community_house_1,
          grunt_orc_community_house_3

Skill      XL: |  1  2  3  4  5  6  7  8  9 10 11 12 13 14 15 16 17 |
---------------+----------------------------------------------------+-----
Long Blades    | 3 4 5 7 8 10 11 13 14 | 14.0
Fighting       | 4 5 6 7 8 9 11 12 13 14 | 14.2
Shields        | 4 |  4.0
Armour         | 4 5 6 7 8 9 11 12 13 14 | 14.2
Dodging        | 2 4 5 7 10 11 | 11.0
Invocations    | 1 4 7 9 10 12 | 12.5
Crossbows      | 3 7 10 | 10.8

Action                   |  1- 3 |  4- 6 |  7- 9 | 10-12 | 13-15 | 16-18 || total
-------------------------+-------+-------+-------+-------+-------+-------++-------
Melee: Long sword        |    99 |   104 |   433 |   135 |       |       ||   771
       Unarmed           |       |     2 |     4 |       |       |       ||     6
       Falchion          |       |       |       |   803 |   302 |       ||  1105
       Lance             |       |       |       |     6 |     7 |     9 ||    22
       Scimitar          |       |       |       |       |  1023 |   690 ||  1713
 Fire: Hand crossbow     |       |       |       |   117 |   174 |   258 ||   549
Throw: Stone             |    48 |    18 |    34 |       |       |       ||   100
       Boomerang         |     3 |     6 |    22 |    12 |       |     1 ||    44
       Dart              |       |       |    82 |     4 |    39 |    28 ||   153
Invok: Divine Shield     |       |       |     2 |     4 |     3 |     7 ||    16
       Cleansing Flame   |       |       |       |     1 |     7 |     6 ||    14
       Summon Divine War |       |       |       |       |     1 |     2 ||     3
Evoke: Wand              |       |       |    17 |    15 |     6 |       ||    38
  Use: Potion            |       |     1 |     3 |     2 |     6 |     2 ||    14
       Scroll            |       |       |     3 |    12 |    14 |     1 ||    30
Armor: Scale mail        |     7 |       |       |       |       |       ||     7
       Chain mail        |    66 |   109 |   297 |   452 |  1095 |   496 ||  2515
       Skin              |       |       |     1 |       |       |       ||     1
       Crystal plate arm |       |       |     3 |   106 |       |       ||   109
Dodge: Dodged            |    22 |    31 |   228 |   330 |   631 |   359 ||  1601
Block: Buckler           |    23 |    25 |   163 |   325 |   469 |   322 ||  1327
       Reflection        |       |       |       |     5 |    13 |    29 ||    47

Table legend: (Time is in decaauts)
 A = Elapsed time spent in this place.
 B = Non-inter-level travel time spent in this place.
 C = Inter-level travel time spent in this place.
 D = Time resting spent in this place.
 E = Time spent auto-exploring this place.
 F = Levels seen in this place.
 G = Mean time per level.
                   A        B        C        D        E       F      G
               +--------+--------+--------+--------+--------+-----+--------+
         Total |  39675 |  37687 |   1988 |   6801 |  22100 |  27 | 1469.4 |
       Dungeon |  22778 |  21617 |   1161 |   3263 |  14107 |  15 | 1518.5 |
        Temple |    425 |    396 |     29 |      0 |    386 |   1 |  425.0 |
          Lair |  11006 |  10532 |    474 |   1456 |   6785 |   6 | 1834.3 |
         Swamp |   1053 |   1053 |      0 |    548 |    232 |   2 |  526.5 |
  Orcish Mines |   3377 |   3055 |    322 |    941 |    590 |   2 | 1688.5 |
        Bailey |   1034 |   1034 |      0 |    592 |      0 |   1 | 1034.0 |
               +--------+--------+--------+--------+--------+-----+--------+

Top non-repeatable levels by time:
  Lair:5: 2565 daAuts
   Orc:2: 2345 daAuts
     D:7: 2107 daAuts
  Lair:2: 2016 daAuts
  Lair:4: 1969 daAuts
    D:11: 1954 daAuts
     D:2: 1873 daAuts
  Lair:1: 1846 daAuts
    D:10: 1843 daAuts
     D:3: 1708 daAuts
    D:12: 1658 daAuts
     D:6: 1651 daAuts
  Lair:6: 1505 daAuts
    D:15: 1496 daAuts
     D:4: 1465 daAuts
